AoeStats
← Dafixios

Arena

509786329Analyzed
2v2 RM · 5d ago on Sep 28, 2026· 60m 50s· 4 players
Game mode
Random Map
Map size
Medium (4 player)
Population
200
Speed
Normal
Resources
Standard
Victory
Conquest
Starting age
Dark Age
Ending age
Imperial Age
RankedLock teamsTeams togetherTeam positionsShared explorationLock speedFull tech treeHidden civsTurbo modeCheats
Victory
Defeat
🇺🇸 Danes · United States
1154
+16
🇺🇸 Persians · United States
1152
+17
🇲🇽 Japanese · Mexico
1181
-17
🇲🇽 Spanish · Mexico
1150
-16
SauceBistro
8:06 Loom
9:52 Feudal Age
14:02 Castle Age
12:02 Double-Bit Axe
12:04 Horse Collar
14:39 Bow Saw
16:10 Fervor
17:39 Wheelbarrow
20:21 Parthian Tactics
19:50 Fletching
22:14 Gold Mining
24:17 Town Watch
25:09 Hand Cart
25:32 Ballistics
31:12 Imperial Age
29:55 Masonry
30:26 Scale Barding Armor
30:31 Forging
30:59 Bloodlines
30:50 Husbandry
30:56 Heavy Plow
31:03 Cavalier
32:13 Chain Barding Armor
31:53 Scale Mail Armor
33:38 Savar
34:40 Stone Mining
35:42 Conscription
37:40 Iron Casting
40:31 Chemistry
40:43 Plate Barding Armor
41:57 Kamandaran
41:58 Bodkin Arrow
43:47 Blast Furnace
43:48 Light Cavalry
44:29 Crossbowman
45:15 Thumb Ring
45:13 Padded Archer Armor
46:28 Hussar
47:51 Citadels
49:16 Hoardings
49:14 Leather Archer Armor
54:18 Ring Archer Armor
55:41 Crop Rotation
59:16 Architecture
lcross
10:57 Feudal Age
12:30 Double-Bit Axe
15:02 Castle Age
17:18 Bow Saw
19:14 Forging
20:00 Wheelbarrow
23:08 Squires
25:08 Horse Collar
26:19 Hand Cart
30:25 Imperial Age
30:14 Iron Casting
30:48 Gold Mining
33:24 Conscription
32:34 Onager
34:21 Chemistry
34:07 Gold Shaft Mining
33:32 Northmen's Fury
36:22 Siege Onager
37:59 Fletching
38:10 Scale Mail Armor
41:10 Siege Engineers
40:37 Cranequins
42:04 Thumb Ring
41:57 Bodkin Arrow
42:03 Padded Archer Armor
43:05 Bloodlines
42:56 Husbandry
43:37 Heavy Mounted Crossbowman
44:41 Ballistics
46:43 Leather Archer Armor
Alexr_93
10:57 Feudal Age
16:45 Castle Age
16:20 Stone Mining
16:18 Double-Bit Axe
16:17 Horse Collar
16:29 Gold Mining
20:53 Loom
26:53 Fletching
27:04 Padded Archer Armor
33:07 Imperial Age
30:25 Town Watch
31:43 Leather Archer Armor
32:51 Wheelbarrow
32:18 Heavy Plow
33:47 Ballistics
33:24 Bodkin Arrow
33:50 Caravan
35:47 Chemistry
35:25 Ring Archer Armor
35:49 Conscription
35:37 Bracer
36:33 Stone Shaft Mining
36:18 Bow Saw
36:48 Thumb Ring
43:06 Two-Man Saw
42:25 Masonry
42:10 Murder Holes
43:28 Squires
43:14 Arson
43:28 Pikeman
44:57 Scale Mail Armor
45:08 Forging
46:27 Chain Mail Armor
47:29 Halberdier
Dafixios
9:02 Feudal Age
13:54 Castle Age
12:23 Double-Bit Axe
13:28 Gold Mining
13:36 Horse Collar
14:10 Scale Mail Armor
21:07 Town Watch
23:55 Forging
24:48 Fletching
25:06 Elite Skirmisher
26:06 Loom
26:42 Sanctity
26:34 Redemption
27:31 Wheelbarrow
29:50 Gold Shaft Mining
30:13 Town Patrol
31:46 Hand Cart
35:58 Imperial Age
34:35 Iron Casting
34:15 Chain Mail Armor
34:28 Sanctity
34:19 Fervor
34:32 Bodkin Arrow
38:21 Kataparuto
38:22 Conscription
38:01 Elite Samurai
41:16 Blast Furnace
40:47 Plate Mail Armor
39:40 Pikeman
40:21 Squires
40:15 Halberdier
42:22 Bow Saw
42:05 Stone Mining
42:16 Gambesons
45:49 Ballistics
46:29 Chemistry
46:22 Bracer
47:38 Scale Barding Armor
48:02 Parthian Tactics
48:11 Thumb Ring
49:41 Chain Barding Armor
50:25 Padded Archer Armor
51:41 Leather Archer Armor
53:14 Onager
54:25 Siege Engineers
58:38 Two-Man Saw
58:49 Masonry
60:10 Heavy Scorpion
Connection lost

Rejoining the realm…

Still unreachable

The connection could not be restored.

Session expired

The server has moved on; the page needs a fresh start.